 Dungeon Crawl Stone Soup version 0.31-a0-557-g6e16503903 (webtiles) character file.

Game seed: 1572733351862428112

1098 Maratek the Chopper (level 8, 0/48 HPs)
             Began as an Octopode Fighter on Aug 16, 2023.
             Was a Follower of Hepliaklqana.
             Succumbed to a gnoll's poison
             ... on level 6 of the Dungeon.
             The game lasted 00:10:35 (3996 turns).

Maratek the Chopper (Octopode Fighter)              Turns: 3996, Time: 00:10:35

Health: 0/48       AC:  9    Str: 17    XL:     8   Next: 32%
Magic:  8/8        EV: 19    Int: 10    God:    Hepliaklqana [*.....]
Gold:   212        SH:  5    Dex: 12    Spells: 7/7 levels left

rFire   x . .        a - +0 war axe
rCold   + + .        b - +0 buckler
rNeg    . . .        (helmet restricted)
rPois   .            (no amulet)
rElec   .            d - +4 ring of protection
rCorr   .            r - ring of ice
SInv    .            j - +4 ring of protection
Will    .....        k - +5 ring of evasion
Stlth   ++++         t - ring of protection from cold
HPRegen 0.28/turn    (no ring)
MPRegen 0.11/turn    (no ring)
                     (no ring)

%: no passive effects
@: mighty, lethally poisoned (0 -> -24)
A: reduced essence, almost no armour, amphibious, 8 rings, camouflage 1,
gelatinous body 1, (nimble swimmer 1), tentacles
a: Renounce Religion, Recall Ancestor, Ancestor Identity


You were on level 6 of the Dungeon.
You worshipped Hepliaklqana.
Hepliaklqana was aware of your devotion.
You visited 2 branches of the dungeon, and saw 7 of its levels.

You collected 212 gold pieces.

Inventory:

Hand Weapons
 a - a +0 war axe (weapon)
Armour
 b - a +0 buckler (worn)
Jewellery
 d - a +4 ring of protection (left tentacle)
 j - a +4 ring of protection (on tentacle)
 k - a +5 ring of evasion (on tentacle)
 r - a ring of ice (right tentacle)
 t - a ring of protection from cold (on tentacle)
Wands
 g - a wand of polymorph (7)
Scrolls
 i - 3 scrolls of identify {unknown}
 m - 4 scrolls of noise {unknown}
 n - 4 scrolls of teleportation {unknown}
 o - a scroll of blinking {unknown}
 p - a scroll of fear {unknown}
 q - 2 scrolls of immolation {unknown}
 s - a scroll of poison {unknown}
Potions
 e - a potion of berserk rage {unknown}
 f - 3 potions of curing {unknown}
 h - 3 potions of heal wounds {unknown}
 l - 3 potions of haste {unknown}
 u - a potion of attraction {unknown}


   Skills:
 + Level 4.5 Fighting
 + Level 6.9 Axes
 + Level 4.6 Dodging
 + Level 5.4 Stealth
 + Level 3.8 Shields


You had 7 spell levels left.
You didn't know any spells.
Your spell library contained the following spells:

 Spells                   Type           Power      Damage    Failure   Level
 Ensorcelled Hibernation  Hex/Ice        0%         N/A       58%         2
 Passwall                 Tmut/Erth      0%         N/A       58%         2
 Portal Projectile        Hex/Tloc       0%         N/A       82%         3
 Swiftness                Air            0%         N/A       82%         3
 Yara's Violent Unravell  Hex/Tmut       0%         3d3       100%        5
 Malign Gateway           Summ/Tloc      0%         N/A       100%        7


Dungeon Overview and Level Annotations

Branches:
Dungeon (6/15)             Temple (1/1) D:5

Altars:
Ashenzari
Cheibriados
Dithmenos
Elyvilon
Fedhas
Gozag
Hepliaklqana
Kikubaaqudgha
Makhleb
Nemelex Xobeh
Okawaru
Qazlal
Ru
Sif Muna
Trog
Uskayaw
Vehumet
Wu Jian
Xom
Yredelemnul
Zin
The Shining One

Annotations:
D:6 Pikel


Innate Abilities, Weirdness & Mutations

Your life essence is reduced to manifest your ancestor. (-10% HP)
You cannot wear most types of armour.
You are amphibious.
You can wear up to eight rings at the same time.
Your skin changes colour to match your surroundings (Stealth+).
Your rubbery body absorbs attacks. (AC +1, EV +1)
((You are camouflaged when in or above water. (Stealth+)))
You have tentacles for arms and can constrict up to eight enemies at once.


Message History

You hit the gnoll.
You kill the gnoll!
The gnoll barely misses you.
Your attacks no longer feel as feeble.
The gnoll hits you with a +0 spear.
You see here a +0 flail.
You closely miss the gnoll. Your grab misses the gnoll. The gnoll misses you.
You barely miss the gnoll. You grab the gnoll. You constrict the gnoll.
The gnoll closely misses you.
The gnoll hits you from afar with a +2 spear of venom.
You slash the gnoll!
You kill the gnoll!
The gnoll closely misses you.
You barely miss the gnoll bouda. You grab the gnoll bouda.
The gnoll bouda is lightly wounded.
You constrict the gnoll bouda. You block the gnoll bouda's attack.
The gnoll hits you from afar with a +2 spear of venom!
You are poisoned.
You slash the gnoll bouda!
The gnoll bouda is severely wounded.
You constrict the gnoll bouda.
You feel very sick. The gnoll bouda closely misses you. The gnoll misses you.
You hit the gnoll bouda but do no damage.
You squeeze the gnoll bouda, but do no damage.
The gnoll bouda is almost dead.
You constrict the gnoll bouda.
You kill the gnoll bouda!
You feel very sick.
The gnoll hits you from afar with a +2 spear of venom.
You are lethally poisoned!
The lemure barely misses you.
You feel very mighty all of a sudden.
* * * LOW HITPOINT WARNING * * *
You feel very sick.
The gnoll hits you from afar with a +2 spear of venom.
* * * LOW HITPOINT WARNING * * *
You are more poisoned.
The lemure barely misses you.
You die...

#.#######.#.## #.#
#....# #.# #.#..# ##.#
#.#..#####
...#######.#...†.†# #
#.............###.##.#
#########.##..# ... #
#.##..###.##.# #
#.##.g5)@.# # #
#.##.g##### # #.##..#
# #.##..# ## # #.##.g#
. ##.##.g#.####?
##...#>g#gg..:.
.......)..gK.#
...<.....g/###


You could see a lemure and 2 gnolls.

Vanquished Creatures
  Sigmund (D:3)
  Pargi (D:3)
  A sky beast (D:5)
  A centaur (D:6)
  A scorpion (D:6)
  2 jellies (D:5)
  A gnoll bouda (D:6)
  3 hounds
  An orc wizard (D:5)
  An iguana (D:4)
  Robin (D:3)
  10 gnolls
  10 adders
  2 ufetubi
  A dart slug (D:2)
  11 orcs
  7 endoplasms
  A giant cockroach (D:2)
  22 goblins
  20 hobgoblins
  8 jackals
  10 kobolds
  3 quokkas
  6 ball pythons
  5 bats
  4 frilled lizards
  7 rats
141 creatures vanquished.

Vanquished Creatures (collateral kills)
  4 gnolls
  An adder (D:5)
  An orc (D:5)
  A hobgoblin (D:5)
  A kobold (D:5)
8 creatures vanquished.

Vanquished Creatures (others)
  An ancestor (D:6)
1 creature vanquished.

Grand Total: 150 creatures vanquished

Notes
Turn   | Place    | Note
-------+----------+-------------------------------------------
     0 | D:1      | Maratek the Octopode Fighter began the quest for the Orb.
     0 | D:1      | Reached XP level 1. HP: 16/16 MP: 1/1
   114 | D:1      | Reached XP level 2. HP: 18/21 MP: 2/2
   687 | D:1      | Reached XP level 3. HP: 26/26 MP: 3/3
   987 | D:2      | Reached skill level 1 in Stealth
  1163 | D:2      | Found a shimmering altar of Xom.
  1218 | D:2      | Reached XP level 4. HP: 31/31 MP: 4/4
  1480 | D:3      | Reached skill level 3 in Axes
  1480 | D:3      | Noticed Robin
  1506 | D:3      | Killed Robin
  1573 | D:3      | Identified the +6 spear of Crystal {distort, Contam rElec
                  | rC- Will+++}
  1580 | D:3      | Reached XP level 5. HP: 34/36 MP: 5/5
  1606 | D:3      | Noticed Sigmund
  1611 | D:3      | Killed Sigmund
  1612 | D:3      | Reached skill level 4 in Axes
  1612 | D:3      | Reached XP level 6. HP: 43/43 MP: 6/6
  1666 | D:3      | Noticed Pargi
  1686 | D:3      | Killed Pargi
  1809 | D:3      | Reached skill level 5 in Axes
  2260 | D:4      | Got the Octavo of the Geometric Figure
  2323 | D:4      | Reached XP level 7. HP: 39/48 MP: 7/7
  2454 | D:4      | Found a snail-covered altar of Cheibriados.
  2516 | D:4      | You fall into a shaft and drop 1 floor!
  2516 | D:5      | Entered Level 5 of the Dungeon
  2537 | D:5      | Found a staircase to the Ecumenical Temple.
  2544 | Temple   | Entered the Ecumenical Temple
  2602 | Temple   | Became a worshipper of Hepliaklqana the Forgotten
  2779 | D:5      | Reached skill level 6 in Axes
  3058 | D:5      | Reached * piety under Hepliaklqana
  3842 | D:6      | Reached XP level 8. HP: 48/48 MP: 8/8
  3895 | D:6      | Reached skill level 5 in Stealth
  3971 | D:6      | Noticed Pikel
  3996 | D:6      | Succumbed to a gnoll's poison

Illustrated notes

Levels and vault maps discovered:
D:1:      spicycebolla_green_bress_n_ham_2, layout_loops_corners
D:2:      layout_rooms, basic_altar
D:3:      layout_rooms, grunt_decor_mini_mirrors, uniq_sigmund, uniq_robin,
          uniq_pargi
D:4:      layout_rooms, lemuel_round_altar, st_stairs_14, pf_guarded_unrand_meek
D:5:      corexii_shantytown, layout_gridville,
          minmay_temple_entry_gardened_gates, patterned_corridor
D:6:      layout_loops_ring, uniq_prince_ribbit1, uniq_pikel
Temple:   nicolae_temple_the_god_donut

Skill      XL: |  1  2  3  4  5  6  7  8 |
---------------+-------------------------+-----
Stealth        | 1 2 3 4 5 |  5.4
Axes           | 3 4 5 6 |  6.9
Fighting       | 4 |  4.5
Dodging        | 4 |  4.6
Shields        | |  3.8

Action                     |  1- 3 |  4- 6 |  7- 9 || total
---------------------------+-------+-------+-------++-------
  Melee: War axe           |    60 |    65 |   124 ||   249
         Tentacles         |     6 |    13 |    22 ||    41
         Constrict         |    11 |    20 |    31 ||    62
         Punch             |       |       |     1 ||     1
    Use: Potion            |       |       |     1 ||     1
   Stab: Sleeping          |     9 |     1 |    17 ||    27
 Armour: Skin              |    11 |    20 |    30 ||    61
  Dodge: Dodged            |    45 |    70 |   118 ||   233
  Block: Buckler           |    19 |    21 |    24 ||    64

Table legend: (Time is in decaauts)
 A = Elapsed time spent in this place.
 B = Non-inter-level travel time spent in this place.
 C = Inter-level travel time spent in this place.
 D = Time resting spent in this place.
 E = Time spent auto-exploring this place.
 F = Levels seen in this place.
 G = Mean time per level.
                   A        B        C        D        E       F      G
               +--------+--------+--------+--------+--------+-----+--------+
         Total |   4067 |   4017 |     50 |      2 |   2828 |   7 |  581.0 |
       Dungeon |   3988 |   3938 |     50 |      2 |   2828 |   6 |  664.7 |
        Temple |     78 |     78 |      0 |      0 |      0 |   1 |   78.0 |
               +--------+--------+--------+--------+--------+-----+--------+

Top non-repeatable levels by time:
     D:5: 1241 daAuts
     D:1: 963 daAuts
     D:3: 667 daAuts
     D:2: 525 daAuts
     D:4: 409 daAuts
     D:6: 180 daAuts
  Temple: 78 daAuts
